 Dungeon Crawl Stone Soup version 0.19.0-22-gd96e5fe (webtiles) character file.

499 grisgris the Slasher (level 6, -1/56 HPs)
             Began as a Minotaur Monk on Nov 19, 2016.
             Was a Believer of Okawaru.
             Slain by vev's ghost (13 damage)
             ... on level 4 of the Dungeon.
             The game lasted 00:07:38 (3916 turns).

grisgris the Slasher (Minotaur Monk)                Turns: 3916, Time: 00:07:38

Health: -1/56      AC: 10    Str: 18    XL:     6   Next: 94%
Magic:  4/5        EV:  9    Int:  7    God:    Okawaru [**....]
Gold:   229        SH:  0    Dex: 12    Spells: 0 memorised, 5 levels left

rFire  . . .     SeeInvis .     a - +0 falchion
rCold  . . .     Gourm    .     h - +0 chain mail
rNeg   + . .     Faith    .     (no shield)
rPois  .         Spirit   .     (helmet restricted)
rElec  .         Reflect  .     u - +0 cloak
rCorr  .         Harm     .     (no gloves)
MR     .....                    (no boots)
Stlth  ..........               (no amulet)
                                (no ring)
                                l - ring of positive energy

@: no status effects
A: retaliatory headbutt, horns 2
a: Heroism, Renounce Religion


You were on level 4 of the Dungeon.
You worshipped Okawaru.
Okawaru was pleased with you.
You were very hungry.

You visited 1 branch of the dungeon, and saw 4 of its levels.

You collected 229 gold pieces.

Inventory:

Hand Weapons
 a - a +0 falchion (weapon)
 v - a +4 quarterstaff of chaos
Armour
 b - a +0 robe
 h - a +0 chain mail (worn)
 u - a +0 cloak (worn)
Jewellery
 e - an uncursed amulet of harm
 l - a ring of positive energy (left hand)
 r - an uncursed ring of ice {unknown}
Scrolls
 g - 2 scrolls of magic mapping {unknown}
 i - a scroll of noise {unknown}
 k - 2 scrolls of remove curse {unknown}
 o - 2 scrolls of identify {unknown}
 q - a scroll of immolation {unknown}
 t - a scroll of random uselessness {unknown}
 y - a scroll of amnesia {unknown}
 A - a scroll of enchant armour {unknown}
Potions
 d - a potion of mutation {unknown}
 f - 3 potions of heal wounds {unknown}
 n - 2 potions of degeneration {unknown}
 p - a potion of agility {unknown}
 s - a potion of ambrosia {unknown}
 w - a potion of cure mutation {unknown}
 x - a potion of might {unknown}
Comestibles
 c - 3 bread rations
 j - 2 slices of pizza
 m - a royal jelly
 z - 3 fruits


   Skills:
 + Level 5.1 Fighting
 + Level 6.9 Long Blades
 + Level 4.3 Armour
 + Level 4.0 Dodging
 - Level 1.5 Stealth


You had 5 spell levels left.
You didn't know any spells.

Dungeon Overview and Level Annotations

Branches:
Dungeon (4/15)
 Temple: D:4-7

Altars:
Nemelex Xobeh
Okawaru
Sif Muna

Annotations:
D:4 vev's ghost, amateur MiGl


Innate Abilities, Weirdness & Mutations

You reflexively headbutt those who attack you in melee.
You have a pair of horns on your head.


Message History

Vev's ghost is severely damaged.
Vev's ghost hits you!
You hit vev's ghost but do no damage.
Vev's ghost is severely damaged.
Vev's ghost hits you!
You hit vev's ghost but do no damage.
Vev's ghost is severely damaged.
Vev's ghost hits you!
You hit vev's ghost but do no damage.
Vev's ghost is severely damaged.
Vev's ghost closely misses you.
You slash the worm!
The worm is heavily wounded.
Vev's ghost hits you.
* * * LOW HITPOINT WARNING * * *
The worm barely misses you.
You barely miss vev's ghost.
Vev's ghost is severely damaged.
Vev's ghost hits you!
You die...

... ... .........##
.###..####.# ..##.....##
...........##.###.......
........................
#..........#.###..###.##
#..........#.# #.####.#
...........#.###.##...#
..<...Ww.........##.###
#...@..##....###.#
#....[.##..#.....#
#......###########
.##...#### ..>#...
..##... .8##### ##


You could see a worm and vev's ghost.

Vanquished Creatures
  Grinder (D:3)
  An orc wizard (D:3)
  An orc priest (D:3)
  Crazy Yiuf (D:2)
  Jessica (D:3)
  A gnoll (D:1)
  8 adders
  An ooze (D:1)
  4 worms
  4 dart slugs
  A leopard gecko (D:1)
  12 orcs (D:3)
  5 giant cockroaches
  5 goblins
  9 hobgoblins
  9 kobolds
  2 quokkas
  7 bats (D:1)
  4 frilled lizards
  8 rats
85 creatures vanquished.

Notes
Turn   | Place    | Note
-------+----------+-------------------------------------------
     0 | D:1      | grisgris the Minotaur Monk began the quest for the Orb.
     0 | D:1      | Reached XP level 1. HP: 19/19 MP: 0/0
   253 | D:1      | Reached XP level 2. HP: 24/27 MP: 1/1
   472 | D:1      | Reached skill level 4 in Long Blades
   522 | D:1      | Reached XP level 3. HP: 30/33 MP: 2/2
   910 | D:2      | Found an iron altar of Okawaru.
  1062 | D:2      | Found a runed door.
  1276 | D:2      | Found a sparkling altar of Nemelex Xobeh.
  1446 | D:2      | Reached XP level 4. HP: 41/41 MP: 3/3
  1626 | D:2      | Reached skill level 5 in Long Blades
  1633 | D:2      | Reached skill level 1 in Armour
  1732 | D:2      | Became a worshipper of Warmaster Okawaru
  1732 | D:2      | Reached * piety under Okawaru
  1732 | D:2      | Reached ** piety under Okawaru
  2085 | D:2      | Noticed Crazy Yiuf
  2091 | D:2      | Killed Crazy Yiuf
  2298 | D:2      | Reached XP level 5. HP: 46/47 MP: 4/4
  2377 | D:3      | Noticed Grinder
  2392 | D:3      | Killed Grinder
  2392 | D:3      | Reached skill level 6 in Long Blades
  2392 | D:3      | Reached XP level 6. HP: 37/55 MP: 5/5
  2590 | D:3      | Noticed Jessica
  2600 | D:3      | Killed Jessica
  2600 | D:3      | Reached skill level 5 in Fighting
  3544 | D:3      | Reached *** piety under Okawaru
  3789 | D:3      | Found a deep blue altar of Sif Muna.
  3895 | D:4      | Noticed vev's ghost (amateur MiGl)
  3916 | D:4      | Slain by vev's ghost

Skill      XL: |  1  2  3  4  5  6 |
---------------+-------------------+-----
Long Blades    | 4 5 6 |  6.9
Fighting       | 4 5 |  5.1
Armour         | 2 3 4 |  4.3
Dodging        | 4 |  4.0
Stealth        | |  1.5

Action                   |  1- 3 |  4- 6 || total
-------------------------+-------+-------++-------
Melee: Falchion          |    87 |   177 ||   264
       Headbutt          |    11 |    36 ||    47
Invok: Heroism           |       |     2 ||     2
  Eat: Pizza             |     1 |       ||     1
       Chunk             |       |     7 ||     7
Armor: Robe              |     4 |       ||     4
       Chain mail        |    38 |    73 ||   111
Dodge: Dodged            |    24 |    67 ||    91
       Rpst.: Falchion   |     5 |    18 ||    23
